 Dungeon Sprint DCSS version 0.29-a0-369-gd956c00756 (webtiles) character file.

Game seed: 873347088420769305

51104 mhtbhm the Phalangite (level 14, -4/146 HPs)
             Began as a Minotaur Fighter on May 1, 2022.
             Was the Champion of Okawaru.
             Slain by a spriggan berserker
             ... wielding a +0 hand axe
              (34 damage)
             ... in the Dungeon (Sprint IX: "|||||||||||||||||||||||||||||").
             The game lasted 00:13:36 (4408 turns).

mhtbhm the Phalangite (Minotaur Fighter)            Turns: 4408, Time: 00:13:37

Health: -4/146     AC: 22    Str: 28    XL:     14   Next: 22%
Magic:  20/20      EV: 12    Int:  5    God:    Okawaru [******]
Gold:   126        SH:  7    Dex: 11    Spells: 13/13 levels left

rFire   . . .      SeeInvis +   a - +6 spear (venom)
rCold   + . .      Faith    .   c - +0 buckler
rNeg    . . .      Spirit   .   b - +2 chain mail {rPois}
rPois   +          Reflect  .   (helmet restricted)
rElec   .          Harm     .   m - +1 cloak
rCorr   .          Rampage  .   d - +0 pair of gloves {Str+3}
Will    +....      NoTele   +   o - +0 pair of boots
Stlth   ..........              (no amulet)
HPRegen 0.34/turn               A - ring of see invisible
MPRegen 0.17/turn               z - ring of protection from cold

@: hasted, very quick
A: horns 2, retaliatory headbutt
a: Renounce Religion, Heroism, Finesse


You were in the Dungeon.
You worshipped Okawaru.
Okawaru was exalted by your worship.
You visited 1 branch You collected 1971 gold pieces.
You spent 1845 gold pieces at shops.

Inventory:

Hand Weapons
 a - a +6 spear of venom (weapon)
 n - a +2 dire flail of holy wrath
 y - a +3 great sword of holy wrath
Armour
 b - a +2 chain mail of poison resistance (worn)
 c - a +0 buckler (worn)
 d - a +0 pair of gloves of strength (worn)
 m - a +1 cloak (worn)
 o - a +0 pair of boots (worn)
Jewellery
 x - a ring of willpower
 z - a ring of protection from cold (right hand)
 A - a ring of see invisible (left hand)
 B - a ring of poison resistance
 C - a ring of willpower
Scrolls
 j - a scroll of blinking
 l - 3 scrolls of amnesia
 t - 2 scrolls of identify
 u - 4 scrolls of enchant armour
 v - 5 scrolls of enchant weapon
 w - 2 scrolls of holy word
Potions
 h - 4 potions of magic
 i - 3 potions of heal wounds
 k - 3 potions of curing
 s - 2 potions of mutation
 D - 2 potions of haste
 E - a potion of berserk rage
Miscellaneous
 r - a lightning rod (4/4)


   Skills:
 + Level 19.0 Fighting
 + Level 21.5 Polearms
 + Level 1.3 Throwing
 + Level 16.9 Armour
 + Level 10.2 Dodging
 + Level 6.2 Stealth
 + Level 12.7 Shields
 * Level 9.5 Invocations
 + Level 5.1 Evocations


You had 13 spell levels left.
You didn't know any spells.
Your spell library was empty.

Dungeon Overview and Level Annotations

Branches:
Dungeon (1/1)

Altars:
Cheibriados
Dithmenos
Elyvilon
Fedhas
Gozag
Hepliaklqana
Kikubaaqudgha
Makhleb
Nemelex Xobeh
Okawaru
Qazlal
Ru
Sif Muna
Trog
Uskayaw
Vehumet
Wu Jian
Xom
Yredelemnul
Zin
The Shining One
Beogh
Jiyva
Lugonu

Shops:
D **([


Innate Abilities, Weirdness & Mutations

You have a pair of horns on your head.
You reflexively headbutt those who attack you in melee.


Message History

Things that are here:
a +0 whip; a +0 scale mail
Items here: )))) [.
Things that are here:
a +0 flail; a +0 dagger; a +0 leather armour
There is an open door to the Orcish Mines here.
Things that are here:
a +0 hand axe; a +0 scale mail; a +0 mace Okawaru is honoured by your kill.
You feel a bit more experienced.
Your Fighting skill increases to level 19!
The spriggan berserker mumbles some strange prayers to Trog.
The death yak goes berserk!
You hear a bellow!
You hear a bellow!
The spriggan berserker invokes Trog's protection!
The spriggan berserker prays to Trog.
The spriggan berserker goes berserk!
You hear a bellow!
The spriggan berserker rages.
The spriggan berserker rages. x2
The spriggan berserker closely misses you.
You furiously retaliate!
You headbutt the spriggan berserker.
You hear a bellow!
The spriggan berserker attacks as you move away!
The spriggan berserker completely misses you.
The spriggan berserker hits you with a +0 hand axe.
You hear a bellow!
The spriggan berserker hits you with a +0 hand axe!!
* * * LOW HITPOINT WARNING * * *
Unknown command.
Blink to where?
Press: ? - help, Dir - move target
As you read the scroll of blinking, it crumbles to dust.
The spriggan berserker rages.
You feel yourself speed up.
You hear a bellow!
The spriggan berserker attacks as you move away!
The spriggan berserker hits you with a +0 hand axe!!
You die...

▓_▓.▓.▓.▓§▓.▓.▓
▓_▓.▓.▓.▓.▓.▓.▓
▓_▓.▓.▓.▓.▓.▓.▓
▓_▓.▓.▓.▓)▓.▓i▓
▓_▓.▓†▓.▓.▓.▓[▓
▓_▓.▓.▓.▓)▓.▓i▓
▓_▓.▓.▓.▓)▓.▓[▓
▓_▓.▓.▓.▓)▓.▓[▓
▓_▓.▓.▓@▓)▓.▓[▓
▓_▓.▓.▓i▓.▓.▓i▓
▓_▓.▓.▓.▓.▓.▓[▓
▓_▓.▓.▓)▓)▓.▓i▓
▓_▓.▓.▓.▓.▓.▓.▓
▓_▓.▓.▓.▓.▓.▓i▓
▓_▓.▓÷▓.▓)▓.▓)▓
▓_▓.▓.▓.▓)▓.▓)▓
▓_▓.▓.▓.▓.▓.▓)▓


You could see a spriggan berserker (berserk, regenerating, strong-willed).

Vanquished Creatures
  A sphinx (D)
  A frost giant (D)
  An ettin (D)
  A boulder beetle (D)
  A hydra (D)
  Harold (D)
  3 centaur warriors (D)
  A two-headed ogre (D)
  A tengu warrior (D)
  Urug (D)
  8 orc high priests (D)
  2 orc knights (D)
  2 deep elf pyromancers (D)
  An ugly thing (D)
  A black mamba (D)
  An unseen horror (D)
  A cane toad (D)
  An efreet (D)
  A kobold demonologist (D)
  2 komodo dragons (D)
  A troll (D)
  A hornet (shapeshifter) (D)
  5 blink frogs (D)
  A dream sheep (D)
  A wraith (D)
  Eustachio (D)
  3 wyverns (D)
  3 yaks (D)
  5 vampire mosquitoes (D)
  4 water moccasins (D)
  9 orc warriors (D)
  A centaur (D)
  A kobold brigand (D)
  2 bullfrogs (D)
  6 orc priests (D)
  A hell rat (D)
  2 orc wizards (D)
  An adder (D)
  An ufetubus (D)
  15 orcs (D)
  A bat (D)
  A goblin (D)
  A quokka (D)
  2 rats (D)
101 creatures vanquished.

Notes
Turn   | Place    | Note
-------+----------+-------------------------------------------
     0 | D        | mhtbhm the Minotaur Fighter began the quest for the Orb.
     0 | D        | Reached XP level 1. HP: 19/19 MP: 0/0
    13 | D        | Reached skill level 3 in Polearms
   202 | D        | Noticed a water moccasin
   204 | D        | Reached XP level 2. HP: 28/28 MP: 1/1
   208 | D        | Reached skill level 4 in Polearms
   214 | D        | Reached skill level 5 in Fighting
   223 | D        | Killed a water moccasin
   224 | D        | Reached skill level 5 in Polearms
   224 | D        | Reached XP level 3. HP: 16/39 MP: 2/2
   224 | D        | Reached XP level 4. HP: 20/47 MP: 3/3
   405 | D        | Found a snail-covered altar of Cheibriados.
   405 | D        | Found a shadowy altar of Dithmenos.
   405 | D        | Found a white marble altar of Elyvilon.
   405 | D        | Found a blossoming altar of Fedhas.
   405 | D        | Found an opulent altar of Gozag.
   406 | D        | Found a hazy altar of Hepliaklqana.
   423 | D        | Found a viscous altar of Jiyva.
   424 | D        | Found an ancient bone altar of Kikubaaqudgha.
   425 | D        | Found a corrupted altar of Lugonu.
   426 | D        | Found a burning altar of Makhleb.
   427 | D        | Found a sparkling altar of Nemelex Xobeh.
   428 | D        | Found an iron altar of Okawaru.
   429 | D        | Found a stormy altar of Qazlal.
   430 | D        | Found a sacrificial altar of Ru.
   431 | D        | Found a shimmering blue altar of Sif Muna.
   432 | D        | Found a bloodstained altar of Trog.
   435 | D        | Found a hide-covered altar of Uskayaw.
   436 | D        | Found a radiant altar of Vehumet.
   437 | D        | Found an ornate altar of the Wu Jian Council.
   438 | D        | Became a worshipper of Warmaster Okawaru
   439 | D        | Found a shimmering altar of Xom.
   440 | D        | Found a basalt altar of Yredelemnul.
   441 | D        | Found a glowing silver altar of Zin.
   442 | D        | Found a glowing golden altar of the Shining One.
   504 | D        | Noticed a wraith
   504 | D        | Noticed a yak
   504 | D        | Noticed a kobold brigand
   504 | D        | Noticed a two-headed ogre
   504 | D        | Noticed a centaur
   509 | D        | Killed a two-headed ogre
   509 | D        | Reached * piety under Okawaru
   509 | D        | Reached ** piety under Okawaru
   510 | D        | Reached skill level 10 in Fighting
   510 | D        | Reached skill level 9 in Polearms
   510 | D        | Reached skill level 10 in Armour
   510 | D        | Reached skill level 1 in Stealth
   510 | D        | Reached XP level 5. HP: 57/58 MP: 4/4
   510 | D        | Reached XP level 6. HP: 64/66 MP: 5/5
   510 | D        | Reached XP level 7. HP: 70/72 MP: 6/6
   511 | D        | Reached *** piety under Okawaru
   516 | D        | Killed a yak
   517 | D        | Reached skill level 10 in Polearms
   517 | D        | Reached XP level 8. HP: 78/81 MP: 7/7
   525 | D        | Reached skill level 5 in Dodging
   525 | D        | Reached skill level 10 in Shields
   741 | D        | Noticed a kobold demonologist
   741 | D        | Noticed a boulder beetle
   741 | D        | Noticed a troll
   741 | D        | Noticed a centaur warrior
   741 | D        | Noticed a deep elf pyromancer
   748 | D        | Killed a centaur warrior
   748 | D        | Reached **** piety under Okawaru
   749 | D        | Reached skill level 12 in Polearms
   749 | D        | Reached skill level 1 in Evocations
   752 | D        | Killed a deep elf pyromancer
   753 | D        | Reached XP level 9. HP: 90/90 MP: 8/8
   754 | D        | Killed a troll
   754 | D        | Reached ***** piety under Okawaru
   755 | D        | Reached skill level 13 in Polearms
   770 | D        | Noticed a red devil
   780 | D        | Killed a kobold demonologist
   782 | D        | Killed an unseen horror
   783 | D        | Reached skill level 14 in Polearms
   784 | D        | Killed a boulder beetle
   784 | D        | Received a gift from Okawaru
  1184 | D        | Noticed Eustachio
  1190 | D        | Killed Eustachio
  1191 | D        | Reached skill level 15 in Polearms
  1248 | D        | Noticed a komodo dragon
  1252 | D        | Noticed a komodo dragon
  1254 | D        | Reached XP level 10. HP: 101/101 MP: 9/9
  1264 | D        | Noticed a four-headed hydra
  1525 | D        | Reached skill level 16 in Polearms
  1574 | D        | Killed a four-headed hydra
  1699 | D        | Noticed a cane toad
  1709 | D        | Killed a cane toad
  1710 | D        | Reached skill level 17 in Polearms
  1713 | D        | Noticed a black mamba
  1721 | D        | Reached skill level 15 in Fighting
  1724 | D        | Killed a black mamba
  1725 | D        | Reached skill level 15 in Armour
  1770 | D        | Reached skill level 18 in Polearms
  1779 | D        | Reached XP level 11. HP: 110/113 MP: 10/10
  1968 | D        | Noticed an orc knight
  1978 | D        | Killed an orc knight
  1978 | D        | Received a gift from Okawaru
  1979 | D        | Reached skill level 1 in Invocations
  1985 | D        | Reached skill level 19 in Polearms
  2322 | D        | Found Utey's Antique Armour Boutique.
  2322 | D        | Noticed an orc high priest
  2322 | D        | Noticed an orc high priest
  2322 | D        | Noticed an orc high priest
  2322 | D        | Noticed an orc high priest
  2334 | D        | Killed an orc high priest
  2344 | D        | Killed an orc high priest
  2351 | D        | Killed an orc high priest
  2427 | D        | Killed an orc high priest
  2427 | D        | Reached ****** piety under Okawaru
  2839 | D        | Reached skill level 5 in Invocations
  2850 | D        | Noticed an orc high priest
  2859 | D        | Killed an orc high priest
  2859 | D        | Received a gift from Okawaru
  2860 | D        | Reached skill level 20 in Polearms
  2895 | D        | Found Egoucic's Antique Weapon Shop.
  2899 | D        | Found Osankuek's Assorted Antiques.
  2901 | D        | Noticed an orc high priest
  2902 | D        | Noticed a sixfirhy
  2902 | D        | Found Xovorph's General Store.
  2908 | D        | Noticed a sixfirhy
  2921 | D        | Killed an orc high priest
  2923 | D        | Noticed an orc high priest
  2932 | D        | Noticed an orc high priest
  2940 | D        | Killed an orc high priest
  2952 | D        | Killed an orc high priest
  3312 | D        | Bought a lightning rod (4/4) for 360 gold pieces
  3312 | D        | Bought a scroll of holy word for 90 gold pieces
  3322 | D        | Bought a scroll of holy word for 225 gold pieces
  3322 | D        | Bought a scroll of enchant weapon for 225 gold pieces
  3322 | D        | Bought a ruby ring for 150 gold pieces
  3402 | D        | Noticed Urug
  3402 | D        | Noticed Harold
  3427 | D        | Killed Urug
  3432 | D        | Killed Harold
  3952 | D        | Bought a shiny chain mail for 225 gold pieces
  3959 | D        | Bought a scroll of identify for 24 gold pieces
  3962 | D        | Reached XP level 12. HP: 127/127 MP: 16/16
  3963 | D        | Reached XP level 13. HP: 134/134 MP: 17/17
  3980 | D        | Bought a glowing plate armour for 546 gold pieces
  4158 | D        | Reached skill level 21 in Polearms
  4158 | D        | Reached XP level 14. HP: 140/143 MP: 10/18
  4178 | D        | Received a gift from Okawaru
  4184 | D        | Noticed a sphinx
  4190 | D        | Noticed a frost giant
  4196 | D        | Reached skill level 1 in Throwing
  4196 | D        | Reached skill level 10 in Dodging
  4196 | D        | Reached skill level 5 in Stealth
  4200 | D        | Killed a sphinx
  4201 | D        | Killed a frost giant
  4202 | D        | Reached skill level 5 in Evocations
  4408 | D        | Slain by a spriggan berserker

Illustrated notes

Levels and vault maps discovered:
D:        linesprint [early_d, line_temple, items_1, d_10, items_2, lair_1,
          lair_end, items_3, orc_1, orc_end, items_4, d_15, swamp_1, shoals_1,
          snake_1, spider_1, d_20, vaults_1, items_5, swamp_end, shoals_end,
          snake_end, spider_end, vaults_end, d_27, items_6, zot_1, zot_end,
          crypt_end, forest_end, elf_end, slime_end, tomb_end, abyss_end,
          pan_hell_end]

Skill      XL: |  1  2  3  4  5  6  7  8  9 10 11 12 13 14 |
---------------+-------------------------------------------+-----
Fighting       | 4 7 10 12 13 15 17 18 19 | 19.0
Armour         | 4 6 10 11 12 13 15 16 | 16.9
Shields        | 4 6 9 10 11 12 | 12.7
Polearms       | 3 5 9 10 12 15 18 20 21 | 21.5
Dodging        | 2 4 6 7 8 9 10 | 10.2
Stealth        | 1 2 3 4 6 |  6.2
Evocations     | 1 2 3 4 5 |  5.1
Invocations    | 7 9 |  9.5
Throwing       | 1 |  1.3

Action                   |  1- 3 |  4- 6 |  7- 9 | 10-12 | 13-15 || total
-------------------------+-------+-------+-------+-------+-------++-------
Melee: Trident           |    36 |       |       |    46 |       ||    82
       Headbutt          |     5 |     1 |    12 |    50 |     8 ||    76
       Halberd           |       |     3 |    54 |   146 |       ||   203
       Spear             |       |       |       |    55 |    46 ||   101
Throw: Dart              |       |       |       |     2 |       ||     2
       Throwing net      |       |       |       |       |     1 ||     1
Invok: Heroism           |       |       |       |     4 |     1 ||     5
       Finesse           |       |       |       |       |     1 ||     1
Evoke: Wand              |       |       |     5 |     5 |       ||    10
       Lightning rod     |       |       |       |       |     6 ||     6
  Use: Potion            |     1 |     1 |     4 |    10 |     1 ||    17
       Scroll            |       |       |     1 |     2 |     2 ||     5
 Stab: Invisible         |       |       |       |     2 |       ||     2
       Held in net/web   |       |       |       |       |     4 ||     4
Armor: Scale mail        |    13 |     1 |    27 |    36 |       ||    77
       Chain mail        |       |       |       |       |    12 ||    12
Dodge: Dodged            |    15 |     4 |    28 |    77 |     5 ||   129
Block: Buckler           |     5 |       |       |    14 |     8 ||    27

Table legend: (Time is in decaauts)
 A = Elapsed time spent in this place.
 B = Non-inter-level travel time spent in this place.
 C = Inter-level travel time spent in this place.
 D = Time resting spent in this place.
 E = Time spent auto-exploring this place.
 F = Levels seen in this place.
 G = Mean time per level.
                   A        B        C        D        E       F      G
               +--------+--------+--------+--------+--------+-----+--------+
         Total |   4273 |   4273 |      0 |   2334 |    402 |   1 | 4273.0 |
       Dungeon |   4273 |   4273 |      0 |   2334 |    402 |   1 | 4273.0 |
               +--------+--------+--------+--------+--------+-----+--------+

Top non-repeatable levels by time:
       D: 4273 daAuts
